 Dungeon Crawl Stone Soup version 0.23.0 (webtiles) character file.

Game seed: 14152592610721864396

90 Kairos the Chopper (level 4, -2/24 HPs)
             Began as a Vine Stalker Monk on Feb 15, 2019.
             Killed from afar by an orc wizard (11 damage)
             ... with a magic dart
             ... on level 3 of the Dungeon.
             The game lasted 00:03:19 (1511 turns).

Kairos the Chopper (Vine Stalker Monk)              Turns: 1511, Time: 00:03:49

Health: -2/24      AC:  5    Str: 14    XL:     4   Next: 56%
Magic:  0/5        EV: 12    Int: 10    God:
Gold:   156        SH:  0    Dex: 17    Spells: 3/3 levels left

rFire    . . .     SeeInvis .   a - +0 hand axe
rCold    . . .     Gourm    .   (no shield)
rNeg     . . .     Faith    .   m - +0 ring mail (curse)
rPois    .         Spirit   +   (no helmet)
rElec    .         Reflect  .   (no cloak)
rCorr    .         Harm     .   (no gloves)
MR       .....                  (no boots)
Stlth    ++........             (no amulet)
HPRegen  0.48/turn              (no ring)
MPRegen  0.09/turn              (no ring)

@: no status effects
A: fangs 2, regeneration 1, magic shield, antimagic bite, no potion heal 3, rot
immunity
a: no special abilities


You were on level 3 of the Dungeon.
You were very hungry.

You visited 1 branch of the dungeon, and saw 3 of its levels.

You collected 156 gold pieces.

Inventory:

Hand Weapons
 a - a +0 hand axe (weapon)
Missiles
 e - 4 javelins (quivered)
 l - 30 stones
 o - 21 sling bullets
Armour
 b - a +0 robe
 i - a +0 leather armour
 m - a cursed +0 ring mail (worn)
Scrolls
 g - 2 scrolls of enchant armour {unknown}
 j - 2 scrolls of identify {unknown}
 k - a scroll of remove curse {unknown}
Potions
 f - a potion of heal wounds {unknown}
 h - a potion of ambrosia {unknown}
 n - a potion of degeneration {unknown}
 p - 2 potions of berserk rage {unknown}
Comestibles
 c - 3 rations


   Skills:
 + Level 3.2 Fighting
 + Level 3.6 Axes
 + Level 0.3 Throwing
 + Level 0.2 Armour
 + Level 2.8 Dodging
 + Level 3.0 Stealth


You had 3 spell levels left.
You didn't know any spells.
Your spell library was empty.

Dungeon Overview and Level Annotations

Branches:
Dungeon (3/15)

Altars:


Innate Abilities, Weirdness & Mutations

You have extremely sharp teeth.
Your natural rate of healing is unusually fast.
When hurt, damage is shared between your health and your magic reserves.
Your bite disrupts and absorbs the magic of your enemies.
Potions cannot restore your health.
You are immune to rotting.


Message History

Something hits you but does no damage.
You hit the orc but do no damage.
The orc is heavily wounded.
You miss something. The orc barely misses you. Something hits you.
You closely miss the orc. You bite the orc, but do no damage.
The orc is heavily wounded.
You closely miss something. The orc closely misses you.
You hear some strange, mumbled words.
Something tries to affect you, but you resist.
You closely miss the orc. Your bite misses the orc.
The orc is heavily wounded.
You closely miss something. The orc barely misses you.
Something hits you but does no damage.
You hit the orc but do no damage.
The orc is heavily wounded.
You hit something but do no damage.
You hear some strange, mumbled words.
A magic dart appears from out of thin air!
The magic dart hits you!
You die...

#..........................
#...........#............(.
#...........#......?.......
#...........##........#....
............#.........#...#
........##.#.........# ...
....##.##..............##
.......o†..........
[.....†{@........##
..................#
.........<...####..
........##...# .....##..
...# .##.. ... ..... ##.
##. ..### .. ...


You could see an orc.

Vanquished Creatures
  3 adders (D:2)
  A worm (D:3)
  2 dart slugs
  4 leopard geckos
  8 bats
  A giant cockroach (D:3)
  4 goblins
  3 hobgoblins
  2 jackals (D:1)
  A ball python (D:1)
  15 frilled lizards
  4 kobolds
  9 rats
57 creatures vanquished.

Notes
Turn   | Place    | Note
-------+----------+-------------------------------------------
     0 | D:1      | Kairos the Vine Stalker Monk began the quest for the Orb.
     0 | D:1      | Reached XP level 1. HP: 11/11 MP: 2/2
    64 | D:1      | Reached XP level 2. HP: 14/16 MP: 1/3
   207 | D:1      | Reached XP level 3. HP: 12/20 MP: 4/4
   978 | D:2      | Gained mutation: Your natural rate of healing is unusually
                  | fast. [Vine Stalker growth]
   978 | D:2      | Reached XP level 4. HP: 17/24 MP: 5/5
  1511 | D:3      | Killed from afar by an orc wizard

Skill      XL: |  1  2  3 |
---------------+----------+-----
Axes           | 3 |  3.6
Fighting       | 3 |  3.2
Stealth        | 3 |  3.0
Throwing       | |  0.3
Armour         | |  0.2
Dodging        | |  2.8

Action                   |  1- 3 |  4- 6 || total
-------------------------+-------+-------++-------
Melee: Hand axe          |    68 |    61 ||   129
       Bite              |    23 |    15 ||    38
Throw: Javelin           |    13 |       ||    13
       Stone             |     1 |       ||     1
  Use: Potion            |       |     1 ||     1
 Stab: Sleeping          |     4 |     1 ||     5
  Eat: Chunk             |       |     1 ||     1
Armor: Robe              |     5 |       ||     5
       Ring mail         |     6 |    32 ||    38
       Leather armour    |     1 |       ||     1
Dodge: Dodged            |    64 |    44 ||   108
